Map: Frozen Temple

Players

Miszu - Winner!

  • Race: Terran Terran
  • League: Master

Railgan

  • Race: Zerg Zerg
  • League: Grandmaster

VOD

Have the link to the VOD?

Description

Time

  • Played on: April 11, 2016, 4:12 p.m.
  • Length: 12:37
Show
View Real Time Build Order
Export as new Build Order

Miszu Terran - Winner!

Build Orders: Reaper Expand, MMM Bio 

Get SALT Encoding   

  12  0:01  SCV  
  13  0:13  SCV  
  14  0:17  Supply Depot  
  14  0:25  SCV  
  15  0:39  SCV  
  15  0:41  Barracks  
  16  0:43  Refinery  
  16  0:51  SCV  
  17  1:03  SCV  
  18  1:15  SCV  
  19  1:27  Orbital Command  
  19  1:28  Reaper  
  20  1:40  Command Center  
  20  1:54  SCV  
  21  1:57  Supply Depot  
  21  2:00  Marine  
  22  2:06  SCV  
  23  2:13  Factory  
  23  2:18  SCV  
  24  2:24  Barracks Reactor  
  24  2:30  SCV  
  25  2:42  SCV  
  26  2:53  Command Center  
  26  2:55  SCV  
  26  2:57  Barracks  
  27  3:00  Orbital Command  
  27  3:07  SCV  
  27  3:12  Barracks Tech Lab  
  28  3:15  Hellion x2  
  28  3:19  SCV  
  33  3:26  SCV  
  34  3:31  SCV  
  34  3:34  Bunker  
  34  3:36  Widow Mine x2  
  34  3:38  Marauder  
  37  3:42  SCV  
  37  3:43  SCV  
  37  3:47  Marine  
  40  3:54  SCV  
  41  4:01  SCV  
  40  4:06  SCV  
  39  4:12  Orbital Command  
  39  4:13  SCV  
  39  4:14  Refinery  
  39  4:16  Stimpack  
  38  4:18  SCV  
  39  4:25  SCV  
  39  4:29  Barracks  
  39  4:30  SCV  
  39  4:31  Factory Reactor  
  41  4:36  Marine  
  41  4:37  Marine, SCV  
  44  4:41  SCV  
  44  4:42  SCV  
  44  4:44  Marine  
  47  4:49  SCV  
  48  4:53  SCV  
  48  4:54  Marine  
  48  4:55  Marine  
  48  4:56  SCV  
  50  5:01  SCV  
  50  5:03  Supply Depot  
  50  5:05  Marine, SCV  
  53  5:08  SCV  
  53  5:12  Marine  
  53  5:13  SCV  
  56  5:15  Factory Reactor  
  56  5:16  Starport  
  56  5:18  SCV  
  56  5:20  SCV  
  58  5:23  Engineering Bay, Marine  
  58  5:25  Engineering Bay, SCV  
  58  5:28  Refinery  
  60  5:29  Refinery, Marine x2  
  60  5:30  SCV  
  60  5:31  Marine  
  60  5:32  SCV  
  60  5:33  Marine  
  66  5:38  SCV  
  66  5:41  Marine  
  66  5:42  SCV  
  69  5:46  Supply Depot  
  69  5:52  Missile Turret  
  69  5:57  Marine x4  
  69  5:58  SCV x2  
  69  5:59  Supply Depot  
  69  6:00  Missile Turret  
  69  6:02  Factory Reactor  
  76  6:07  Terran Infantry Weapons Level 1, Terran Infantry Armor Level 1, Orbital Command  
  76  6:10  SCV  
  76  6:11  SCV  
  76  6:12  Supply Depot  
  77  6:21  Marine  
  77  6:22  Supply Depot, SCV  
  77  6:23  SCV  
  76  6:34  SCV  
  76  6:36  SCV  
  76  6:38  SCV  
  75  6:43  Medivac  
  75  6:46  SCV  
  80  6:48  SCV  
  80  6:50  SCV  
  82  6:58  SCV  
  82  7:00  SCV  
  84  7:02  Supply Depot, SCV, Factory Reactor  
  84  7:03  Supply Depot, Medivac  
  83  7:08  Missile Turret  
  83  7:10  SCV  
  83  7:12  SCV  
  83  7:14  SCV  
  85  7:19  Marine x2  
  85  7:20  Marine x3  
  89  7:22  SCV  
  89  7:24  Barracks, SCV  
  89  7:26  Barracks, SCV, Armory  
  91  7:33  Supply Depot  
  91  7:34  Combat Shields  
  91  7:35  SCV  
  91  7:36  Marine  
  91  7:37  Marine x2  
  91  7:38  Marine  
  94  7:47  Widow Mine x2  
  94  7:49  Marauder  
  100  7:54  Marine, Barracks x2  
  100  7:55  Marine x2, Barracks  
  100  7:57  Marine  
  104  8:00  Medivac x2  
  108  8:05  Supply Depot  
  108  8:06  Supply Depot  
  108  8:10  Marine  
  108  8:12  Marine  
  110  8:13  Marine  
  111  8:20  Barracks Reactor  
  111  8:21  Terran Infantry Armor Level 2, Terran Infantry Weapons Level 2  
  111  8:24  Barracks Reactor  
  111  8:25  Supply Depot, Marine x2, Widow Mine x2  
  111  8:26  Supply Depot  
  117  8:28  Marine  
  117  8:30  Marine, Medivac  
  121  8:34  Marine  
  121  8:35  Medivac  
  119  8:43  Marine x2  
  119  8:45  Marine  
  119  8:46  Marine  
  119  8:47  Marine x2  
  119  8:48  Marine  
  118  8:52  Marine  
  118  8:54  Widow Mine  
  120  9:01  Marine x2  
  112  9:04  Marine x3, Marauder  
  112  9:09  Marine, SCV  
  111  9:10  Marine x5, Widow Mine  
  118  9:18  Marine x2  
  118  9:22  Marine x3, Medivac  
  118  9:24  Medivac  
  127  9:25  Marauder  
  127  9:27  Marine  
  127  9:28  Marine x3  
  133  9:37  Marine  
  132  9:40  Marine x2  
  132  9:45  Marine  
  135  9:46  Marine x7, Marauder  
  144  9:55  Marine  
  144  9:56  Supply Depot  
  144  9:58  Marine x2  
  147  10:03  Supply Depot, Marine x4  
  147  10:04  Supply Depot  
  147  10:06  Marine x2  
  153  10:08  Marauder  
  153  10:10  Marine x2  
  157  10:17  Marine x2, Medivac x2, Widow Mine  
  165  10:22  Command Center  
  165  10:25  Marine x5  
  170  10:29  Marauder  
  170  10:31  Marine  
  170  10:32  Marine  
  170  10:33  Marine x2  
  170  10:35  Marine x2  
  176  10:46  Marine x3  
  176  10:47  Marine  
  181  11:02  Barracks Tech Lab x2  
  181  11:03  Marine, Barracks Tech Lab  
  181  11:07  Supply Depot  
  181  11:08  Supply Depot, Marine x2, Medivac x2  
  189  11:18  Marine, SCV  
  189  11:20  Marine x2  
  189  11:22  Marine x2  
  189  11:24  Widow Mine  
  189  11:25  Widow Mine  
  188  11:28  Marine x4, Marauder  
  188  11:29  Marine  
  168  11:35  Marauder  
  168  11:36  Marine  
  168  11:38  Medivac x2  
  173  11:47  Marine, Marauder x2  
  173  11:48  Marine  
  173  11:50  Marauder  
  167  11:56  Marauder  
  167  11:59  Marine, Widow Mine  
  167  12:00  Marine  
  163  12:08  Marauder x2  
  163  12:13  Marine, Marauder  
  163  12:14  Marine x2  
  143  12:17  Marine  
  143  12:18  Marine  
Show
View Real Time Build Order
Export as new Build Order

Railgan Zerg 

Build Orders: Pool First 

Get SALT Encoding   

  12  0:02  Drone  
  13  0:09  Drone  
  14  0:18  Extractor, Drone  
  15  0:26  Overlord  
  15  0:44  Drone x2  
  15  0:47  Spawning Pool  
  15  0:48  Drone  
  17  0:56  Drone  
  18  1:13  Hatchery  
  18  1:14  Extractor  
  18  1:17  Drone  
  17  1:20  Drone  
  18  1:30  Drone  
  19  1:35  Roach Warren  
  19  1:39  Zergling x2  
  19  1:46  Queen  
  21  1:50  Drone  
  22  2:02  Overlord  
  22  2:26  Roach  
  22  2:27  Queen, Roach x2  
  30  2:31  Queen  
  32  2:39  Drone x2  
  34  2:47  Overlord  
  34  2:48  Drone  
  34  2:55  Drone  
  34  2:56  Drone  
  36  3:05  Lair  
  36  3:08  Drone x2  
  36  3:12  Drone  
  39  3:16  Overlord  
  39  3:18  Drone  
  40  3:20  Drone  
  40  3:25  Drone  
  42  3:35  Drone x4  
  42  3:38  Extractor  
  42  3:40  Extractor  
  44  3:42  Overlord  
  44  3:50  Drone  
  45  3:56  Extractor  
  44  4:06  Drone  
  43  4:11  Drone x2  
  43  4:13  Drone  
  43  4:16  Queen x2  
  46  4:17  Spire  
  46  4:22  Drone x2  
  47  4:25  Drone x2  
  47  4:30  Drone  
  50  4:31  Overlord  
  50  4:33  Drone  
  50  4:34  Drone  
  52  4:40  Drone  
  52  4:42  Drone x3  
  56  4:48  Overlord  
  56  4:58  Roach x4  
  64  5:00  Overlord  
  64  5:04  Spore Crawler  
  63  5:09  Overlord  
  63  5:20  Spore Crawler  
  62  5:22  Overlord  
  62  5:23  Drone  
  63  5:34  Mutalisk x6  
  75  5:38  Mutalisk  
  77  5:44  Mutalisk  
  79  5:54  Glial Reconstitution  
  79  5:58  Overseer  
  79  6:01  Hatchery  
  78  6:05  Overseer  
  78  6:07  Pneumatized Carapace  
  78  6:08  Drone x2  
  81  6:11  Drone  
  81  6:12  Evolution Chamber  
  81  6:14  Evolution Chamber  
  79  6:26  Drone x2  
  81  6:35  Drone x4  
  81  6:39  Roach x4  
  91  6:40  Overlord x2  
  91  6:47  Zerg Missile Weapons Level 1, Zerg Ground Armor Level 1  
  89  6:55  Roach  
  89  6:56  Overlord  
  89  7:00  Roach x3  
  97  7:10  Roach x4  
  105  7:18  Roach  
  105  7:24  Drone x2  
  105  7:25  Drone x2  
  105  7:26  Drone  
  105  7:28  Roach  
  105  7:29  Roach x2  
  116  7:32  Drone  
  117  7:41  Roach  
  116  7:44  Drone  
  114  7:52  Roach x4  
  122  8:00  Overlord x3  
  122  8:01  Overlord  
  122  8:06  Overlord  
  122  8:09  Overlord  
  122  8:18  Overlord  
  122  8:20  Ravager x9  
  122  8:21  Drone x6  
  122  8:23  Extractor  
  122  8:24  Extractor  
  135  8:28  Roach x3  
  135  8:31  Hatchery  
  134  8:50  Roach  
  134  8:51  Roach x8  
  150  8:58  Roach  
  150  9:01  Roach x4  
  148  9:08  Roach x2  
  138  9:16  Roach  
  140  9:19  Roach x5  
  150  9:25  Roach  
  150  9:29  Roach, Overseer  
  150  9:36  Drone x2  
  146  9:44  Drone x7  
  153  9:49  Zerg Ground Armor Level 2  
  153  9:51  Zerg Missile Weapons Level 2  
  153  9:52  Extractor x2, Hatchery  
  151  9:55  Spine Crawler  
  151  9:59  Spine Crawler  
  148  10:03  Roach x2  
  148  10:04  Spine Crawler  
  151  10:11  Roach  
  153  10:18  Roach x5  
  153  10:19  Overlord x2  
  163  10:22  Ravager x4  
  167  10:31  Roach  
  167  10:32  Roach x3  
  167  10:34  Drone  
  176  10:40  Overlord  
  176  10:41  Roach  
  178  10:44  Roach  
  178  10:45  Roach  
  182  10:57  Overlord, Ravager x6  
  188  10:59  Drone x3  
  188  11:03  Roach  
  193  11:11  Roach x3  
  136  11:33  Roach  
  136  11:34  Roach x19  
  170  11:43  Roach x4  
  155  11:59  Roach  
  155  12:00  Roach x4  
  152  12:06  Roach  
  152  12:07  Roach x3  
  155  12:12  Roach  
  155  12:15  Roach  
  119  12:16  Roach x9  
  119  12:17  Roach  
  97  12:33  Ravager  
  97  12:34  Ravager x8  
Tags
 
Add a new tag
Caveats
  • Supply blocks, unpowered buildings, or Contaminate may cause inaccurate times.
  • Supply counts are checked every 10 seconds.